 Dungeon Crawl Stone Soup version 0.24-a0-272-g14115134c2 (webtiles) character file.

Game seed: 2187760117226462714

7802 HAL9000 the Basher (level 11, -1/100 HPs)
             Began as an Ogre Hunter on Apr 25, 2019.
             Was a Believer of Uskayaw.
             Blown up by an orb spider (19 damage)
             ... with a wavering orb of destruction
             ... on level 1 of the Abyss.
             The game lasted 00:41:41 (18195 turns).

HAL9000 the Basher (Ogre Hunter)                   Turns: 18195, Time: 00:41:41

Health: -1/100     AC:  6    Str: 20    XL:     11   Next: 20%
Magic:  11/11      EV:  9    Int: 12    God:    Uskayaw [**....]
Gold:   354        SH:  9    Dex: 10    Spells: 9/10 levels left

rFire    + . .     SeeInvis .   E - +0 morningstar
rCold    + . .     Gourm    .   D - +0 shield
rNeg     . . .     Faith    .   B - +2 robe {rC+}
rPois    .         Spirit   .   w - +1 hat {MR+}
rElec    .         Reflect  .   (no cloak)
rCorr    .         Harm     .   (gloves unavailable)
MR       +++..                  (boots unavailable)
Stlth    +.........             (no amulet)
HPRegen  0.00/turn              k - ring of protection from fire
MPRegen  0.12/turn              C - ring of protection from magic

@: about to teleport, non-regenerating, badly diseased
A: large, unfitting armour, tough skin 1
a: Stomp, Line Pass, Renounce Religion


You were on level 1 of the Abyss.
You worshipped Uskayaw.
Uskayaw was noncommittal.
You were full.

You visited 2 branches of the dungeon, and saw 11 of its levels.
You visited the Abyss 1 time.

You collected 600 gold pieces.
You spent 246 gold pieces at shops.

Inventory:

Hand Weapons
 v - a +7 giant club
 E - a +0 morningstar (weapon)
Missiles
 d - 2 large rocks (quivered)
 o - a throwing net
 y - 10 tomahawks
Armour
 w - a +1 hat of magic resistance (worn)
 B - a +2 robe of cold resistance (worn)
 D - a +0 shield (worn)
Jewellery
 a - an uncursed ring of protection from magic
 e - an uncursed amulet of rage
 i - an uncursed ring of resist corrosion
 k - a ring of protection from fire (left hand)
 C - a ring of protection from magic (right hand)
Wands
 b - a wand of paralysis (10)
 l - a wand of random effects (19)
 H - a wand of flame (19)
Scrolls
 c - a scroll of acquirement {unknown}
 g - a scroll of teleportation
 j - 2 scrolls of noise {unknown}
 m - 3 scrolls of fear {unknown}
 q - a scroll of amnesia {unknown}
 r - 5 scrolls of remove curse
 t - a scroll of enchant armour {unknown}
 u - a scroll of enchant weapon {unknown}
 x - a scroll of magic mapping {unknown}
 z - 5 scrolls of identify
 F - 4 scrolls of fog
Potions
 h - a potion of degeneration {unknown}
 n - 2 potions of flight
 p - a potion of brilliance
 A - a potion of resistance
 G - a potion of invisibility
Comestibles
 f - 14 rations


   Skills:
 - Level 4.0 Fighting
 + Level 13.7 Maces & Flails
 - Level 4.0 Throwing
 - Level 1.7 Dodging
 - Level 0.6 Stealth
 + Level 5.5 Shields


You had 9 spell levels left.
You knew the following spells:

 Your Spells              Type           Power        Failure   Level  Hunger
a - Corona                Hex            #......      56%         1    ##.....

Your spell library contained the following spells:

 Spells                   Type           Power        Failure   Level  Hunger
 Animate Skeleton         Necr           N/A          56%         1    ##.....
 Apportation              Tloc           #.....       56%         1    ##.....
 Confusing Touch          Hex            #.....       56%         1    ##.....
 Freeze                   Ice            #...         56%         1    ##.....
 Summon Small Mammal      Summ           #...         56%         1    ##.....
 Ensorcelled Hibernation  Hex/Ice        #.....       71%         2    ###....
 Throw Frost              Conj/Ice       #.....       71%         2    ###....
 Confuse                  Hex            #.......     90%         3    ####...
 Dazzling Spray           Conj/Hex       #.....       90%         3    ####...
 Ozocubu's Armour         Chrm/Ice       #.......     90%         3    ####...
 Tukima's Dance           Hex            #.......     90%         3    ####...
 Summon Ice Beast         Ice/Summ       #.......     100%        4    #####..
 Throw Icicle             Conj/Ice       #.......     100%        4    #####..


Dungeon Overview and Level Annotations

Branches:
Dungeon (10/15)            Temple (1/1) D:7
   Lair: D:8-11         Orc: D:9-12

Altars:
Ashenzari
Cheibriados
Dithmenos
Elyvilon
Fedhas
Gozag
Hepliaklqana
Kikubaaqudgha
Makhleb
Nemelex Xobeh
Okawaru
Qazlal
Ru
Sif Muna
Trog
Uskayaw
Vehumet
Wu Jian
Xom
Yredelemnul
Zin
The Shining One

Shops:
D:5 [

Annotations:
D:10 Sonja


Innate Abilities, Weirdness & Mutations

You are too large for most types of armour.
You have tough skin. (AC +1)


Message History

* * * LOW HITPOINT WARNING * * *
You barely miss the ufetubus. You block the ufetubus's attack.
The ufetubus closely misses you.
You closely miss the ufetubus. The ufetubus barely misses you.
The ufetubus hits you.
* * * LOW HITPOINT WARNING * * *
The ufetubus hits you.
* * * LOW HITPOINT WARNING * * *
You block the ufetubus's attack.
You can no longer pass through a line of other dancers.
You puncture the ufetubus!
You kill the ufetubus!
You can now pass through a line of other dancers.
You hit the orb spider but do no damage.
The orb spider bites you but does no damage.
You puncture the orb spider!
The orb spider is moderately wounded.
The orb spider weaves a glowing orb of energy.
The wavering orb of destruction weakly hits you!!
You die...

. ## .#
# .#
.##.#
#.....
##...
###.
##s5#
...
#@##...
# #####.
.# ##
#.. # ##
... .
..# # ..
## # .
#.# # ##
. .
..###...
.#.# .#
# .5.# .
. # #
#.. #


You could see an orb spider and an ufetubus.

Vanquished Creatures
  Erolcha (D:8)
  A centaur warrior (D:10)
  Pikel (D:4)
  An ancient zyme (Abyss:1)
  A hornet (D:8)
  A hippogriff (D:10)
  A basilisk (D:10)
  12 yaks
  2 soldier ants (D:9)
  An orc warrior (D:8)
  2 sky beasts
  2 ogres
  2 phantoms
  3 centaurs
  A crocodile (D:10)
  4 bullfrogs
  A scorpion (D:6)
  4 wights
  4 crimson imps
  A bullfrog zombie (D:8)
  3 centaur zombies
  7 orc priests
  A centaur skeleton (D:9)
  3 hounds
  Crazy Yiuf (D:4)
  A jelly (D:8)
  An iron imp (Abyss:1)
  Ijyb (D:3)
  10 orc wizards
  8 worker ants
  A killer bee zombie (D:7)
  A hound zombie (D:9)
  A mummy (D:6)
  7 adders
  12 gnolls
  A howler monkey skeleton (D:4)
  2 shadow imps
  An ufetubus (Abyss:1)
  An ooze (D:2)
  2 adder zombies
  An adder skeleton (D:8)
  2 worms
  A dart slug (D:1)
  5 leopard geckos
  27 orcs
  2 ball pythons
  8 giant cockroaches
  7 goblins
  8 hobgoblins
  16 jackals
  5 quokkas
  8 bats
  5 frilled lizards
  A hobgoblin zombie (D:6)
  A jackal skeleton (D:6)
  7 kobolds
  A kobold zombie (D:6)
  A leopard gecko skeleton (D:6)
  A quokka skeleton (D:4)
  4 rats
222 creatures vanquished.

Vanquished Creatures (others)
  A centaur skeleton (D:4)
  An orc priest (D:4)
  3 orcs (D:4)
5 creatures vanquished.

Grand Total: 227 creatures vanquished

Notes
Turn   | Place    | Note
-------+----------+-------------------------------------------
     0 | D:1      | HAL9000 the Ogre Hunter began the quest for the Orb.
     0 | D:1      | Reached XP level 1. HP: 22/22 MP: 1/1
   235 | D:1      | Reached XP level 2. HP: 15/31 MP: 2/2
   537 | D:1      | Reached skill level 1 in Maces & Flails
   790 | D:1      | Reached XP level 3. HP: 33/39 MP: 3/3
  1460 | D:2      | Reached skill level 2 in Maces & Flails
  1796 | D:2      | Reached XP level 4. HP: 33/48 MP: 4/4
  2326 | D:1      | Reached skill level 3 in Maces & Flails
  3002 | D:2      | Reached XP level 5. HP: 28/54 MP: 5/5
  3579 | D:3      | Noticed Ijyb
  3846 | D:2      | Reached skill level 4 in Maces & Flails
  4491 | D:3      | Paralysed by Ijyb for 6 turns
  4531 | D:3      | Killed Ijyb
  4745 | D:3      | Reached XP level 6. HP: 23/62 MP: 6/6
  5384 | D:3      | Learned a level 1 spell: Corona
  5471 | D:3      | Reached skill level 5 in Maces & Flails
  5593 | D:3      | Found a burning altar of Makhleb.
  5800 | D:4      | Noticed a phantom
  5967 | D:4      | Noticed Pikel
  5967 | D:4      | Noticed a slave
  5967 | D:4      | Noticed a slave
  5967 | D:4      | Noticed a slave
  5967 | D:4      | Noticed a slave
  6126 | D:4      | Reached XP level 7. HP: 70/70 MP: 7/7
  6172 | D:4      | Killed Pikel
  6172 | D:4      | Reached skill level 7 in Maces & Flails
  6172 | D:4      | Reached XP level 8. HP: 12/78 MP: 8/8
  6528 | D:4      | Reached skill level 8 in Maces & Flails
  6785 | D:4      | Found a runed translucent door.
  6786 | D:4      | Noticed Crazy Yiuf
  6792 | D:4      | Killed Crazy Yiuf
  7115 | D:5      | Entered Level 5 of the Dungeon
  7529 | D:5      | Found Coun's Antique Armour Shoppe.
  7534 | D:5      | Bought a glowing robe for 111 gold pieces
  7534 | D:5      | Bought a shield for 135 gold pieces
  8415 | D:5      | Reached skill level 9 in Maces & Flails
  8996 | D:6      | Reached skill level 1 in Shields
  9020 | D:6      | Reached XP level 9. HP: 40/84 MP: 9/9
  9402 | D:6      | Reached skill level 10 in Maces & Flails
 10499 | D:7      | Found an iron altar of Okawaru.
 11124 | D:7      | Found a bloodstained altar of Trog.
 11124 | D:7      | Found a blossoming altar of Fedhas.
 11124 | D:7      | Found a glowing golden altar of the Shining One.
 11199 | D:7      | Found a staircase to the Ecumenical Temple.
 11226 | Temple   | Entered the Ecumenical Temple
 11316 | Temple   | Became a worshipper of Uskayaw the Reveler
 11353 | D:7      | Reached * piety under Uskayaw
 11454 | D:7      | Found a shimmering altar of Xom.
 12231 | D:8      | Reached ** piety under Uskayaw
 12235 | D:8      | Reached skill level 11 in Maces & Flails
 12235 | D:8      | Reached *** piety under Uskayaw
 12993 | D:8      | Reached XP level 10. HP: 83/92 MP: 10/10
 13073 | D:9      | Noticed Erolcha
 13462 | D:8      | Killed Erolcha
 13462 | D:8      | Reached skill level 12 in Maces & Flails
 14245 | D:9      | Noticed an ogre mage
 14246 | D:9      | Noticed a four-headed hydra
 14246 | D:9      | Noticed a two-headed ogre
 14247 | D:9      | Noticed a white ugly thing
 14400 | D:9      | Found a snail-covered altar of Cheibriados.
 15160 | D:9      | Noticed an angel
 15161 | D:9      | Found a glowing silver altar of Zin.
 15190 | D:9      | Paralysed by a hornet for 2 turns
 15764 | D:8      | Paralysed by a hornet for 1 turns
 15770 | D:8      | Paralysed by a hornet for 3 turns
 15774 | D:8      | HP: 2/92 [hornet (8)]
 16257 | D:9      | Reached skill level 5 in Shields
 16273 | D:9      | Reached skill level 13 in Maces & Flails
 16723 | D:10     | Entered Level 10 of the Dungeon
 16723 | D:10     | Noticed a centaur warrior
 16855 | D:10     | Killed a centaur warrior
 16855 | D:10     | Reached XP level 11. HP: 18/100 MP: 11/11
 17177 | D:10     | Noticed Sonja
 17542 | D:10     | Reached **** piety under Uskayaw
 17551 | D:10     | Reached ***** piety under Uskayaw
 17854 | D:10     | Noticed a death yak
 18028 | D:10     | Cast into level 1 of the Abyss (Sonja)
 18143 | Abyss:1  | Found a corrupted altar of Lugonu.
 18149 | Abyss:1  | Noticed an orb spider
 18195 | Abyss:1  | Blown up by an orb spider

Levels and vault maps discovered:
D:1:      dpeg_arrival_prison, layout_basic, minmay_misc_feat_plants,
          chequers_arboretum
D:2:      layout_basic
D:3:      layout_loops_ring, lightli_temple_of_fire, first_ration, uniq_ijyb
D:4:      layout_basic, uniq_crazy_yiuf_cottage, uniq_pikel
D:5:      layout_loops_ring, serial_shops, kennysheep_little_box,
          nrook_loot_triangle, serial_bayou_ford_a, minmay_misc_feat_x
D:6:      layout_basic, nicolae_ossuary_entry_giza
D:7:      layout_cave_pods, kennysheep_mini, kennysheep_mini_moat,
          gammafunk_temple_overflow_forgotten, minmay_temple_entry_waves
D:8:      layout_cave_pods
D:9:      layout_gridville, zin_angel, overflow_temple_1_default, serial_bayou,
          serial_bayou_pond_c, serial_bayou_pond_e, serial_bayou_shore_b,
          serial_bayou_pond_e, hangedman_pestilent_swarm, minivault_12,
          uniq_erolcha
D:10:     layout_gridville, david_lair_generic, hex_medium, uniq_sonja
Temple:   nicolae_temple_great_sept
Abyss:1

Skill      XL: |  1  2  3  4  5  6  7  8  9 10 |
---------------+-------------------------------+-----
Fighting       | 3 4 |  4.0
Maces & Flails | 1 2 3 4 5 7 9 11 13 | 13.7
Shields        | 1 3 5 |  5.5
Throwing       | |  4.0
Dodging        | |  1.7
Stealth        | |  0.6

Action                   |  1- 3 |  4- 6 |  7- 9 | 10-12 || total
-------------------------+-------+-------+-------+-------++-------
Melee: Short sword       |   154 |    17 |       |       ||   171
       Whip              |       |   101 |       |       ||   101
       Club              |       |    14 |       |       ||    14
       Mace              |       |   167 |       |       ||   167
       Flail             |       |     3 |   348 |       ||   351
       Giant club        |       |       |    10 |    34 ||    44
       Morningstar       |       |       |   112 |   198 ||   310
Throw: Large rock        |     2 |    11 |    18 |    10 ||    41
       Throwing net      |       |     2 |       |     1 ||     3
Invok: Stomp             |       |       |       |     1 ||     1
Evoke: Wand              |       |       |       |     2 ||     2
  Use: Scroll            |       |     6 |     5 |    12 ||    23
       Potion            |       |       |     2 |     9 ||    11
 Stab: Sleeping          |     2 |       |     3 |       ||     5
       Distracted        |       |     1 |       |       ||     1
       Held in net/web   |       |     1 |       |       ||     1
       Paralysed         |       |       |     1 |     7 ||     8
  Eat: Chunk             |     3 |     9 |    17 |     8 ||    37
       Ration            |       |     1 |     2 |     4 ||     7
Armor: Robe              |    66 |   109 |   121 |    52 ||   348
       Skin              |       |       |       |     2 ||     2
Dodge: Dodged            |    98 |   179 |   140 |    62 ||   479
Block: Shield            |       |       |   139 |    96 ||   235

Table legend:
 A = Non-vault XP
 B = Vault XP
 C = Vault XP percentage of total XP
 D = Non-vault monster count
 E = Vault monster count
 F = Vault count percentage of total count
                 A         B        C        D         E       F
            +---------+---------+-------+---------+---------+-------
      Total |    8480 |    2666 |  23.9 |     206 |      16 |   7.2
            +---------+---------+-------+---------+---------+-------
        D:1 |      67 |       5 |   6.9 |      23 |       3 |  11.5
        D:2 |     232 |       0 |   0.0 |      36 |       0 |   0.0
        D:3 |     124 |      36 |  22.5 |      16 |       1 |   5.9
        D:4 |     358 |     691 |  65.9 |      17 |       2 |  10.5
        D:5 |     355 |       0 |   0.0 |      17 |       0 |   0.0
        D:6 |     857 |      20 |   2.3 |      29 |       3 |   9.4
        D:7 |    1138 |       0 |   0.0 |      20 |       0 |   0.0
        D:8 |    1593 |    1275 |  44.5 |      20 |       2 |   9.1
        D:9 |    1340 |     340 |  20.2 |      16 |       3 |  15.8
       D:10 |    2007 |     299 |  13.0 |       9 |       2 |  18.2
    Abyss:1 |     409 |       0 |   0.0 |       3 |       0 |   0.0
            +---------+---------+-------+---------+---------+-------
